Map: Jagannatha LE

Players

Ziggy - Winner!

  • Race: Terran Terran
  • Spawn Location: 1:00

BlyOnFire (Bly)

  • Race: Zerg Zerg
  • Spawn Location: 7:00

Event: DreamHack SC2 Masters 2020 Winter

VOD

Have the link to the VOD?

Description

Time

  • Played on: Oct. 29, 2020, 11:17 a.m.
  • Length: 12:26

All games in this series

Show
View Real Time Build Order
Export as new Build Order

Ziggy Terran - Winner!

Build Orders:  

Get SALT Encoding   

  12  0:00  SCV  
  13  0:12  SCV  
  14  0:18  Supply Depot  
  14  0:24  SCV  
  15  0:39  SCV  
  15  0:41  Barracks  
  16  0:44  Refinery  
  16  0:52  SCV  
  17  1:00  Barracks  
  17  1:05  SCV  
  18  1:17  SCV  
  19  1:28  Reaper  
  19  1:29  Orbital Command  
  20  1:36  Barracks  
  20  1:42  Refinery  
  20  1:47  Reaper  
  21  1:55  Supply Depot  
  21  1:58  SCV  
  22  2:04  Reaper  
  23  2:16  SCV  
  23  2:19  Reaper  
  25  2:25  Reaper  
  26  2:36  Reaper  
  27  2:40  Command Center  
  27  2:51  Reaper  
  27  2:55  Supply Depot  
  27  2:56  SCV  
  27  2:57  Reaper  
  30  3:08  Reaper  
  31  3:17  SCV  
  32  3:23  Reaper  
  33  3:29  Reaper  
  33  3:30  SCV  
  34  3:40  Reaper  
  35  3:42  SCV  
  35  3:43  Command Center  
  36  3:54  Orbital Command  
  36  3:55  Reaper  
  36  3:59  SCV  
  36  4:01  Reaper  
  39  4:05  Refinery  
  39  4:13  Reaper  
  39  4:14  SCV  
  41  4:18  Factory  
  41  4:19  SCV  
  41  4:21  Refinery  
  42  4:26  SCV  
  43  4:32  SCV, Marine  
  43  4:33  Marine  
  45  4:38  SCV  
  45  4:44  SCV  
  47  4:48  Marine  
  47  4:50  SCV, Marine  
  50  4:56  SCV  
  50  4:57  Orbital Command  
  51  5:02  SCV  
  51  5:04  Starport, Factory Tech Lab  
  52  5:08  SCV  
  52  5:10  Barracks Tech Lab  
  52  5:11  Marine  
  52  5:12  Marine  
  55  5:15  SCV  
  55  5:20  SCV  
  55  5:21  Engineering Bay  
  57  5:24  SCV  
  57  5:27  SCV, Widow Mine  
  61  5:32  SCV  
  61  5:33  Marine x2  
  64  5:36  Stimpack  
  64  5:37  SCV  
  64  5:41  SCV  
  66  5:45  Viking  
  68  5:50  SCV  
  68  5:53  Missile Turret  
  69  5:59  Missile Turret  
  69  6:01  Missile Turret  
  69  6:10  Missile Turret  
  69  6:11  Barracks Reactor  
  69  6:15  Barracks Reactor  
  69  6:20  Marine  
  69  6:21  Viking, SCV x2  
  69  6:22  Missile Turret  
  74  6:27  SCV  
  74  6:28  Supply Depot  
  75  6:33  SCV  
  75  6:38  SCV, Marine  
  77  6:41  Widow Mine  
  77  6:44  SCV  
  77  6:45  SCV  
  69  6:50  SCV  
  69  6:51  Terran Infantry Weapons Level 1  
  69  6:52  Starport Reactor  
  69  6:53  Marine x3  
  69  6:54  Engineering Bay  
  73  6:56  SCV, Marine  
  73  6:58  Bunker  
  73  7:01  SCV, Bunker  
  76  7:03  SCV  
  76  7:06  Marine  
  78  7:09  SCV  
  78  7:11  Marine  
  78  7:12  Siege Tank  
  78  7:14  Marine x2  
  84  7:15  Combat Shield  
  84  7:17  SCV  
  84  7:20  Marine  
  84  7:24  Marine  
  85  7:32  Supply Depot, Terran Infantry Armor Level 1  
  85  7:33  Marine  
  85  7:34  SCV  
  85  7:36  SCV  
  88  7:37  Supply Depot, Marine x2  
  88  7:38  Medivac  
  92  7:44  Marine  
  92  7:48  Barracks  
  92  7:49  Missile Turret  
  92  7:50  Barracks  
  93  7:53  SCV  
  93  7:56  Marine x3  
  97  7:59  Supply Depot  
  97  8:00  SCV  
  97  8:04  SCV  
  96  8:05  SCV  
  96  8:09  Marine  
  96  8:11  Medivac x2  
  102  8:14  SCV  
  102  8:17  Siege Tank  
  108  8:20  SCV  
  108  8:26  SCV  
  108  8:31  Marine x5  
  113  8:35  SCV  
  113  8:38  Orbital Command  
  114  8:41  SCV  
  114  8:47  SCV, Medivac x2  
  118  8:48  Marine  
  118  8:49  Marine  
  118  8:53  SCV  
  118  8:54  Marine x2  
  123  8:59  SCV  
  123  9:00  Factory  
  123  9:02  Factory  
  123  9:05  SCV  
  123  9:06  Marine  
  123  9:09  Supply Depot  
  125  9:10  Supply Depot  
  125  9:12  Missile Turret  
  125  9:16  Armory  
  125  9:18  Barracks Reactor  
  125  9:19  Barracks Reactor  
  125  9:22  Missile Turret  
  125  9:31  SCV x3, Supply Depot, Marine x5, Siege Tank  
  133  9:32  Supply Depot  
  133  9:34  Supply Depot  
  133  9:35  Supply Depot  
  133  9:37  Missile Turret  
  136  9:38  Missile Turret  
  136  9:39  Sensor Tower  
  136  9:42  Medivac x2  
  140  9:46  Factory Reactor x2  
  140  9:47  Factory Tech Lab  
  140  9:49  Marine  
  140  9:51  Marine  
  140  9:52  Marine x2  
  141  9:54  Marine x2  
  140  10:12  Marine x2  
  138  10:16  Marine x2  
  140  10:25  Marine x3  
  143  10:30  Marine x3, Thor  
  143  10:31  Thor  
  143  10:32  Widow Mine x2  
  162  10:36  Liberator  
  165  10:45  Marine  
  165  10:50  Command Center, Marine  
  165  10:53  Marine  
  165  10:54  Marine  
  165  10:56  Liberator  
  165  10:58  Marine x2  
  165  11:00  Marine x3  
  165  11:03  Marine  
  164  11:04  Widow Mine x2  
  164  11:08  Marine  
  164  11:11  Marine x2  
  164  11:19  Marine  
  164  11:25  Supply Depot x2  
  165  11:27  Supply Depot  
  165  11:40  Marine  
  165  11:41  Marine x4  
  165  11:45  Widow Mine  
  165  11:46  Marine x3  
  170  11:47  Widow Mine  
  170  11:53  Marine  
  170  11:55  Medivac x2  
  170  11:58  Marine  
  176  12:01  Marine x2  
  176  12:07  Marine x2  
Show
View Real Time Build Order
Export as new Build Order

BlyOnFire Zerg 

Build Orders: Pool First, Muta Ling Bane 

Get SALT Encoding   

  12  0:00  Drone  
  13  0:12  Overlord  
  13  0:19  Drone  
  14  0:30  Drone  
  14  0:31  Drone  
  16  0:40  Extractor  
  15  0:42  Spawning Pool  
  15  0:47  Drone  
  15  0:49  Drone  
  16  0:56  Drone  
  17  1:07  Drone  
  18  1:20  Hatchery  
  18  1:24  Drone  
  18  1:34  Queen  
  20  1:41  Metabolic Boost  
  20  1:46  Zergling x2  
  21  1:51  Overlord  
  21  1:56  Zergling x2  
  22  2:09  Queen  
  22  2:11  Drone x2  
  26  2:23  Zergling x2  
  27  2:32  Queen  
  27  2:34  Drone  
  27  2:35  Drone  
  31  2:45  Drone  
  31  2:51  Spore Crawler  
  31  2:54  Zergling x2  
  31  2:55  Zergling x4  
  34  3:05  Drone x2  
  36  3:12  Overlord  
  33  3:29  Zergling x6  
  35  3:37  Overlord  
  35  3:38  Zergling x6, Queen  
  35  3:40  Lair  
  40  3:42  Drone x3  
  43  4:02  Drone x4  
  47  4:03  Drone  
  47  4:07  Extractor  
  47  4:17  Zergling x4  
  47  4:23  Overlord  
  49  4:24  Zergling x4  
  49  4:27  Extractor  
  50  4:34  Drone  
  51  4:43  Drone x6  
  51  4:44  Spire  
  54  4:50  Zergling x2  
  54  5:03  Zergling x10  
  54  5:05  Overseer  
  59  5:09  Overlord  
  59  5:20  Overlord x2  
  59  5:22  Overlord  
  59  5:24  Extractor  
  59  5:27  Queen x2  
  62  5:36  Overlord  
  61  5:43  Overlord  
  61  5:44  Drone x2  
  63  5:58  Mutalisk x5  
  63  6:01  Drone x2  
  75  6:09  Drone  
  75  6:10  Drone  
  77  6:27  Mutalisk x3  
  77  6:29  Overlord  
  77  6:30  Overlord  
  77  6:31  Overlord  
  77  6:32  Overlord  
  78  6:43  Drone x4  
  78  6:46  Drone  
  78  6:54  Zerg Flyer Weapons Level 1, Baneling Nest  
  78  6:55  Drone  
  78  7:02  Drone x3  
  81  7:08  Drone  
  81  7:09  Drone x2  
  83  7:22  Mutalisk x3  
  88  7:39  Centrifical Hooks  
  88  7:40  Hatchery, Drone x3  
  90  7:49  Drone x4  
  94  7:53  Drone x3  
  97  8:09  Drone x3  
  100  8:22  Drone x8  
  100  8:25  Hatchery  
  107  8:30  Evolution Chamber  
  107  8:31  Evolution Chamber, Drone x2  
  107  8:32  Drone  
  105  9:00  Zergling x22  
  116  9:02  Zerg Ground Armor Level 1  
  116  9:03  Zerg Melee Weapons Level 1  
  116  9:06  Overseer x2  
  116  9:10  Extractor  
  116  9:12  Extractor  
  114  9:17  Baneling x11  
  114  9:18  Zerg Flyer Weapons Level 2  
  114  9:24  Mutalisk x4  
  114  9:27  Drone x4  
  126  9:45  Mutalisk x2  
  126  9:47  Overlord, Pneumatized Carapace  
  128  10:05  Mutalisk x3  
  117  10:22  Burrow  
  117  10:26  Mutalisk x2  
  117  10:27  Overlord x4  
  119  10:30  Zergling x16  
  119  10:32  Hatchery  
  119  10:34  Baneling x6  
  126  10:35  Hatchery  
  126  10:37  Zergling x4  
  126  10:41  Baneling x6  
  118  10:59  Zergling x30  
  118  11:02  Baneling  
  118  11:03  Baneling x9  
  127  11:17  Overseer  
  127  11:18  Overseer  
  125  11:19  Mutalisk x2  
  125  11:21  Drone  
  125  11:22  Zergling x18  
  137  11:45  Zergling x12  
  137  11:46  Zergling x12  
  136  11:51  Baneling x14  
  126  12:06  Zergling x2  
  126  12:07  Zergling x12  
Tags
 
Add a new tag
Caveats
  • Supply blocks, unpowered buildings, or Contaminate may cause inaccurate times.
  • Supply counts are checked every 10 seconds.